 Dungeon Crawl Stone Soup version 0.30.1-4-g462c640d31 (webtiles) character file.

Game seed: 16194242172334602237

474 spardeous the Cleaver (level 6, -1/56 HPs)
             Began as a Minotaur Berserker on Aug 23, 2023.
             Was an Elder of Trog.
             Splashed by a jelly's acid (4 damage)
             ... in a sewer.
             The game lasted 00:03:35 (2777 turns).

spardeous the Cleaver (Minotaur Berserker)          Turns: 2777, Time: 00:03:35

Health: -1/56      AC: -4    Str: 23    XL:     6   Next: 84%
Magic:  5/5        EV:  9    Int:  4    God:    Trog [****..]
Gold:   217        SH:  0    Dex: 16    Spells: 5/5 levels left

rFire   . . .        a - +0 hand axe
rCold   . . .        (no shield)
rNeg    . . .        d - +0 chain mail
rPois   .            (helmet restricted)
rElec   .            (no cloak)
rCorr   .            v - +2 pair of gloves
SInv    .            (no boots)
Will    .....        (no amulet) Stlth
                     g - +6 ring of dexterity
HPRegen 0.29/turn    (no ring)
MPRegen 0.09/turn

%: no passive effects
@: corroded
A: horns 2, retaliatory headbutt
a: Renounce Religion, Berserk, Trog's Hand, Brothers in Arms


You were in a sewer.
You worshipped Trog.
Trog was greatly pleased with you.
You visited 1 branch of the dungeon, and saw 4 of its levels.
You also visited: Sewer.

You collected 217 gold pieces.

Inventory:

Hand Weapons
 a - a +0 hand axe (weapon)
Missiles
 t - a throwing net (quivered)
Armour
 b - a +0 animal skin
 d - a +0 chain mail (worn)
 v - a +2 pair of gloves (worn)
Jewellery
 g - a +6 ring of dexterity (left hand)
 x - a ring of fire
Wands
 q - a wand of charming (8)
 u - a wand of flame (21)
Scrolls
 f - a scroll of noise {unknown}
 h - a scroll of poison {unknown}
 i - a scroll of amnesia {unknown}
 j - a scroll of immolation {unknown}
 k - 3 scrolls of teleportation {unknown}
 l - a scroll of identify {unknown}
 m - a scroll of enchant weapon {unknown}
Potions
 c - 2 potions of flight {unknown}
 e - 3 potions of mutation {unknown}
 n - 3 potions of curing {unknown}
 o - a potion of haste {unknown}
 p - 3 potions of cancellation {unknown}
 r - a potion of ambrosia {unknown}
 s - a potion of might {unknown}
 w - a potion of lignification {unknown}
 z - a potion of degeneration {unknown}


   Skills:
 + Level 5.1 Fighting
 - Level 8.7 Axes
 - Level 2.4 Armour
 - Level 2.1 Dodging


You had 5 spell levels left.
You didn't know any spells.
Your spell library was empty.

Dungeon Overview and Level Annotations

Branches:
Dungeon (4/15)             Temple (0/1) D:4           Sewer (1/1)

Altars:
The Shining One


Innate Abilities, Weirdness & Mutations

You have a pair of horns on your head.
You reflexively headbutt those who attack you in melee.


Message History

You completely miss the giant cockroach.
You headbutt the giant cockroach, but do no damage.
The giant cockroach is heavily wounded.
You hit the jelly but do no damage.
Your hands burn!
You hit the jelly.
You kill the jelly!
Trog accepts your kill.
The giant cockroach completely misses you.
The jelly hits you.
You are splashed with acid!
* * * LOW HITPOINT WARNING * * *
Your Fighting skill increases to level 5!
You take 13 damage, and have 24/56 hp.
MASSIVE DAMAGE!!
You completely miss the jelly.
The jelly is moderately wounded.
You hit the giant cockroach but do no damage.
The giant cockroach barely misses you. The jelly hits you but does no damage.
You hit the jelly but do no damage. The acid corrodes you!
Your hands burn!
* * * LOW HITPOINT WARNING * * *
The jelly is moderately wounded.
You hit the giant cockroach.
You kill the giant cockroach!
Trog accepts your kill.
You take 1 damage, and have 24/56 hp.
You hit the jelly but do no damage.
Your hands burn!
* * * LOW HITPOINT WARNING * * *
You headbutt the jelly!
The jelly is severely wounded.
The jelly hits you.
* * * LOW HITPOINT WARNING * * *
The acid corrodes you!
You are splashed with acid!
* * * LOW HITPOINT WARNING * * *
You take 14 damage, and have 10/56 hp.
MASSIVE DAMAGE!!
You completely miss the jelly.
The jelly is severely wounded.
The jelly hits you.
* * * LOW HITPOINT WARNING * * *
You are splashed with acid.
* * * LOW HITPOINT WARNING * * *
You take 7 damage, and have 3/56 hp.
You hit the jelly but do no damage.
Your hands burn!
You die...

#.~~#~.~~.~~##
#~~.##..~##.~~#
.~.~##.~~~~##.~##
.~...#!.~#~.##~~~##
####..##.##~~##~~..#
#~~ ## ~..###†..# .∩
#~~~!# #.~.## ##J@##
#.~~# #.~~## ~~.~.##
....~~. ~~..### ~...
#!. #)


You could see a jelly.

Vanquished Creatures
  A sky beast (D:4)
  A hound (D:4)
  An orc priest (D:3)
  2 jellies (Sewer)
  3 gnolls (D:4)
  11 adders
  A river rat (Sewer)
  3 worms
  2 dart slugs
  2 orcs (D:3)
  5 bats
  8 endoplasms
  12 giant cockroaches
  4 goblins
  3 hobgoblins (D:1)
  11 jackals
  6 quokkas
  5 ball pythons
  10 frilled lizards
  10 kobolds
  13 rats
114 creatures vanquished.

Notes
Turn   | Place    | Note
-------+----------+-------------------------------------------
     0 | D:1      | spardeous the Minotaur Berserker began the quest for the
                  | Orb.
     0 | D:1      | Reached XP level 1. HP: 19/19 MP: 0/0
    79 | D:1      | Reached skill level 4 in Axes
   108 | D:1      | Reached XP level 2. HP: 15/26 MP: 1/1
   350 | D:1      | Reached ** piety under Trog
   351 | D:1      | Reached skill level 5 in Axes
   433 | D:1      | Reached XP level 3. HP: 31/31 MP: 2/2
   796 | D:2      | Reached skill level 6 in Axes
   796 | D:2      | Reached XP level 4. HP: 32/39 MP: 3/3
  1066 | D:2      | You fall into a shaft and drop 2 floors!
  1137 | D:4      | Found a staircase to the Ecumenical Temple.
  1168 | D:4      | Found a glowing golden altar of the Shining One.
  1180 | D:4      | Noticed a sky beast
  1195 | D:4      | Killed a sky beast
  1196 | D:4      | Reached skill level 7 in Axes
  1196 | D:4      | Reached XP level 5. HP: 25/45 MP: 4/4
  1772 | D:4      | Reached skill level 8 in Axes
  2133 | D:3      | Reached XP level 6. HP: 50/51 MP: 5/5
  2166 | D:3      | Reached *** piety under Trog
  2391 | D:3      | Found a glowing drain.
  2433 | Sewer    | Entered a sewer
  2756 | Sewer    | Reached **** piety under Trog
  2773 | Sewer    | Reached skill level 5 in Fighting
  2777 | Sewer    | Splashed by a jelly's acid

Illustrated notes

Levels and vault maps discovered:
D:1:      dpeg_arrival_renting, layout_rooms, minmay_worlds_worst_comb
D:2:      layout_basic, hangedman_decor_push
D:3:      layout_loops_corners, gup_sewer_entry_pipe, minmay_door_square
D:4:      layout_cave_pods, tso_oasis_becter, temple_pool_b,
          minmay_stone_trees_small
Sewer:    sewer_hellmonk_slimy_pipes

Skill      XL: |  1  2  3  4  5  6 |
---------------+-------------------+-----
Axes           | 4 5 6 7 8 |  8.7
Fighting       | 5 |  5.1
Armour         | |  2.4
Dodging        | |  2.1

Action                     |  1- 3 |  4- 6 || total
---------------------------+-------+-------++-------
  Melee: Hand axe          |    89 |   175 ||   264
         Headbutt          |     9 |    29 ||    38
         Punch             |     1 |     2 ||     3
 Invoke: Berserk           |       |     2 ||     2
 Armour: Animal skin       |     6 |       ||     6
         Chain mail        |    42 |    98 ||   140
  Dodge: Dodged            |    54 |    66 ||   120
